 Dungeon Crawl Stone Soup version 0.31-a0-1611-g890cdf5628 (webtiles) character file.

Game seed: 10701293997687284909

7456 Curundu the Severer (level 10, -3/77 HPs)
             Began as a Minotaur Berserker on Jan 9, 2024.
             Was a High Priest of Trog.
             Shot with an arrow by a centaur warrior (11 damage)
             ... on level 10 of the Dungeon.
             The game lasted 00:40:10 (9306 turns).

Curundu the Severer (Minotaur Berserker)            Turns: 9306, Time: 00:40:10

Health: -3/77      AC: 14    Str: 32    XL:     10   Next: 94%
Magic:  9/9        EV:  8    Int:  4    God:    Trog [*****.]
Gold:   593        SH:  8    Dex: 10    Spells: 9/9 levels left

rFire   . . .        F - +0 war axe (flame)
rCold   + . .        l - +0 buckler
rNeg    . . .        H - +1 plate armour {rC+}
rPois   .            (helmet restricted)
rElec   .            h - +1 cloak
rCorr   .            (no gloves)
SInv    .            (no boots)
Will    ++...        q - amulet of reflection Stlth
                     i - ring of flight
HPRegen 1.32/turn    p - +6 ring of strength
MPRegen 0.11/turn

%: reflection
@: strong-willed, flying, regenerating
A: horns 2, retaliatory headbutt
a: Renounce Religion, Berserk, Trog's Hand, Brothers in Arms


You were on level 10 of the Dungeon.
You worshipped Trog.
Trog was extremely pleased with you.
You visited 1 branch of the dungeon, and saw 10 of its levels.
You also visited: Ossuary.

You collected 635 gold pieces.
You spent 42 gold pieces at shops.

Inventory:

Hand Weapons
 a - a +0 heavy hand axe
 w - a +5 spear
 F - a +0 war axe of flaming (weapon)
Missiles
 b - 19 poisoned darts (quivered)
 C - a throwing net
Armour
 h - a +1 cloak (worn)
 l - a +0 buckler (worn)
 H - a +1 plate armour of cold resistance (worn)
Jewellery
 i - a ring of flight (left hand)
 p - a +6 ring of strength (right hand)
 q - an amulet of reflection (around neck)
 G - a ring of positive energy
 I - an amulet of the acrobat
 J - an amulet of guardian spirit
Wands
 e - a wand of charming (10)
 m - a wand of polymorph (5)
 n - a wand of flame (12)
 r - a wand of digging (3)
Scrolls
 j - a scroll of brand weapon
 k - 2 scrolls of vulnerability
 s - a scroll of silence
 t - a scroll of immolation
 y - 3 scrolls of teleportation
 D - a scroll of enchant weapon {unknown}
 E - a scroll of revelation
Potions
 c - 2 potions of curing
 d - a potion of degeneration {unknown}
 f - 2 potions of haste
 g - a potion of brilliance
 o - 3 potions of lignification
 u - a potion of attraction
 v - 2 potions of invisibility
 x - 2 potions of might
 z - a potion of mutation
 A - a potion of resistance
 B - a potion of enlightenment
 K - a potion of heal wounds {unknown}


   Skills:
 - Level 3.6 Fighting
 + Level 19.6 Axes
 - Level 2.4 Armour
 - Level 2.1 Dodging


You had 9 spell levels left.
You didn't know any spells.
Your spell library contained the following spells:

 Spells                   Type           Power      Damage    Failure   Level
 Searing Ray              Conj           0%         2d4       100%        2
 Iskenderun's Mystic Bla  Conj/Tloc      0%         2d3       100%        4


Dungeon Overview and Level Annotations

Branches:
Dungeon (10/15)            Temple (0/1) D:7            Lair (0/5) D:9
    Orc (0/2) D:9         Ossuary (visited)

Altars:
Ashenzari
Dithmenos
Gozag
Ru
Sif Muna
Vehumet
Wu Jian
Xom
The Shining One

Shops:
D:2 [[[   D:8 *   D:9 *

Portals:
Abyss: D:7

Annotations:
D:7 2 transporters, tmcgee265's ghost, novice FoBr


Innate Abilities, Weirdness & Mutations

You have a pair of horns on your head.
You reflexively headbutt those who attack you in melee.


Message History

You kill the gnoll!
Trog accepts your kill.
Found an arbalest.
Found a stone staircase leading down.
There is a stone staircase leading down here.
Found a scale mail.
Found a stone staircase leading down.
There is a stone staircase leading down here.
Found an opulent altar of Gozag.
Found Gozag's Platinum Reserve.
There is an opulent altar of Gozag here.
There is an entrance to Gozag's Platinum Reserve here.
You can access your shopping list by pressing '$'.
There is a fountain of clear blue water here.
Things that are here:
a +0 leather armour; a +0 short sword
Found a stone staircase leading up.
Done exploring.
There is a stone staircase leading down here.
Okay, then.
You fly downwards.
There is a stone staircase leading up here.
A centaur warrior comes into view.
The centaur warrior shouts!
The centaur warrior wields a +0 shortbow.
The centaur warrior shoots an arrow.
The arrow hits you.
The centaur warrior shoots an arrow.
The arrow hits you!!
The centaur warrior shoots an arrow.
The arrow hits you!
The centaur warrior shoots an arrow.
The arrow barely misses you.
The centaur warrior shoots an arrow.
The arrow closely misses you.
The centaur warrior shoots an arrow.
The arrow hits you!
The centaur warrior shoots an arrow.
The arrow hits you.
The centaur warrior shoots an arrow.
The arrow hits you!
* * * LOW HITPOINT WARNING * * *
Your skin crawls.
You feel strong-willed.
The centaur warrior shoots an arrow.
The arrow hits you!
* * * LOW HITPOINT WARNING * * *
The centaur warrior shoots an arrow.
The arrow hits you!
You die...

..............c.$....
###....c########....
#+###.# . #.# #.# #.#
#.# #.#######.#
#.......@.#
#.....<...#####+
#.######.........
#......... #.........
#.....#### #.....#
#.....# ##....#


You could see a centaur warrior.

Vanquished Creatures
  A two-headed ogre (D:7)
  Pikel (D:4)
  Joseph (D:7)
  A gargoyle (D:9)
  A troll (D:9)
  A wraith (D:9)
  2 wyverns
  4 yaks
  4 steam dragons
  Edmund (D:5)
  2 water moccasins
  3 orc warriors (D:9)
  A sky beast (D:8)
  3 black bears
  An ogre (D:7)
  3 wolves
  4 kobold brigands
  3 gnoll sergeants
  4 bullfrogs
  3 scorpions (D:4)
  5 wights
  A burial acolyte (Ossuary)
  8 killer bees (D:9)
  3 electric eels (D:9)
  2 bombardier beetles
  A howler monkey (D:9)
  9 hounds
  2 jellies
  A gnoll bouda (D:8)
  An orc priest (D:8)
  A sleepcap (D:4)
  Ijyb (D:4)
  2 iguanas (D:4)
  5 orc wizards
  A mummy (Ossuary)
  14 gnolls
  10 adders
  2 shadow imps
  3 white imps
  4 ufetubi
  2 dart slugs
  3 ribbon worms
  28 orcs
  2 bats
  5 endoplasms
  6 giant cockroaches
  7 goblins
  6 hobgoblins
  4 jackals (D:3)
  9 kobolds
  3 quokkas
  5 ball pythons
  A frilled lizard (D:1)
  7 gnoll skeletons (Ossuary)
  7 kobold skeletons (Ossuary)
  6 orc skeletons (Ossuary)
  6 rats
227 creatures vanquished.

Notes
Turn   | Place    | Note
-------+----------+-------------------------------------------
     0 | D:1      | Curundu the Minotaur Berserker began the quest for the Orb.
     0 | D:1      | Reached XP level 1. HP: 19/19 MP: 0/0
   118 | D:1      | Reached skill level 4 in Axes
   249 | D:1      | Reached XP level 2. HP: 22/26 MP: 1/1
   859 | D:2      | Found Wauhurche's Antique Armour Shoppe.
  1013 | D:2      | Found Ettiefux's Armour Emporium.
  1270 | D:2      | Found Ipeck's Antique Armour Shoppe.
  1336 | D:3      | Reached skill level 5 in Axes
  1336 | D:3      | Reached XP level 3. HP: 31/31 MP: 2/2
  1446 | D:3      | Reached skill level 6 in Axes
  1446 | D:3      | Reached XP level 4. HP: 39/39 MP: 3/3
  1618 | D:3      | Reached ** piety under Trog
  2033 | D:3      | Reached skill level 7 in Axes
  2033 | D:3      | Reached XP level 5. HP: 28/45 MP: 4/4
  2390 | D:4      | Noticed a lemure
  2390 | D:4      | Noticed a lemure
  2392 | D:4      | Noticed Pikel
  2392 | D:4      | Noticed a lemure
  2395 | D:4      | Noticed a lemure
  2400 | D:4      | Reached skill level 8 in Axes
  2404 | D:4      | Killed Pikel
  2405 | D:4      | Reached skill level 10 in Axes
  2405 | D:4      | Reached XP level 6. HP: 33/51 MP: 5/5
  2405 | D:4      | Reached XP level 7. HP: 37/57 MP: 6/6
  2534 | D:4      | Reached skill level 11 in Axes
  2618 | D:4      | Got Tiuwk's Atlas of the Impact
  2694 | D:4      | Found the +2 Maxwell's thermic engine {flame, freeze, rev}
  2908 | D:4      | Reached XP level 8. HP: 64/64 MP: 7/7
  3052 | D:4      | Noticed Ijyb
  3107 | D:4      | Killed Ijyb
  3322 | D:5      | Entered Level 5 of the Dungeon
  3587 | D:5      | Reached *** piety under Trog
  3618 | D:5      | Reached skill level 12 in Axes
  3969 | D:5      | Noticed Edmund
  3980 | D:5      | Killed Edmund
  4005 | D:5      | Found a shimmering blue altar of Sif Muna.
  4259 | D:6      | Reached skill level 13 in Axes
  4768 | D:6      | Found a sand-covered staircase.
  4781 | Ossuary  | Entered an ossuary
  4857 | Ossuary  | Reached **** piety under Trog
  4891 | Ossuary  | Found an ancient bone altar of Kikubaaqudgha.
  5451 | D:7      | Noticed Joseph
  5455 | D:7      | Reached skill level 14 in Axes
  5458 | D:7      | Killed Joseph
  5459 | D:7      | Reached XP level 9. HP: 62/70 MP: 8/8
  5517 | D:7      | Found a staircase to the Ecumenical Temple.
  5579 | D:7      | Found a transporter.
  5581 | D:7      | Found a transporter.
  5585 | D:7      | Noticed a two-headed ogre
  5593 | D:7      | Killed a two-headed ogre
  5594 | D:7      | Reached skill level 15 in Axes
  5660 | D:7      | Reached skill level 16 in Axes
  5745 | D:7      | Noticed a red ugly thing
  5747 | D:7      | Noticed tmcgee265's ghost (novice FoBr)
  5760 | D:7      | Found a one-way gate to the infinite horrors of the Abyss.
  5826 | D:7      | Noticed a rakshasa
  5868 | D:7      | Found an ornate altar of the Wu Jian Council.
  5989 | D:8      | Found a shimmering altar of Xom.
  6000 | D:8      | Found a shadowy altar of Dithmenos.
  6005 | D:8      | Found a glowing golden altar of the Shining One.
  6130 | D:8      | Found Laugg's Changing Room.
  6146 | D:8      | Bought a potion of lignification for 42 gold pieces
  6368 | D:8      | Found a radiant altar of Vehumet.
  6503 | D:8      | Found a sacrificial altar of Ru.
  6504 | D:8      | Found a broken altar of Ashenzari.
  6598 | D:8      | Reached skill level 17 in Axes
  6606 | D:8      | Reached XP level 10. HP: 70/77 MP: 9/9
  7139 | D:9      | Reached ***** piety under Trog
  7326 | D:9      | Found a staircase to the Orcish Mines.
  8038 | D:9      | Reached skill level 18 in Axes
  8436 | D:9      | Found a staircase to the Lair.
  8470 | D:9      | Reached skill level 19 in Axes
  8527 | D:9      | Noticed a gargoyle
  8533 | D:9      | Killed a gargoyle
  9138 | D:9      | Found an opulent altar of Gozag.
  9142 | D:9      | Found Gozag's Platinum Reserve.
  9273 | D:10     | Entered Level 10 of the Dungeon
  9292 | D:10     | Noticed a centaur warrior
  9306 | D:10     | Shot with an arrow by a centaur warrior

Illustrated notes

Levels and vault maps discovered:
D:1:      dpeg_arrival_stonehenge_12_columns, layout_basic
D:2:      layout_basic, serial_shops, nicolae_shop_advertising_works
          [nicolae_subvault_shop_adworks], nicolae_shop_hallway_plus, shop
D:3:      layout_basic, serial_corexii_hall, corexii_hall_statues_i,
          chequers_hall_statues_wall_a, corexii_hall_statues_deadend,
          corexii_hall_statues_i
D:4:      layout_basic, kennysheep_generic_room_16, uniq_ijyb, uniq_pikel
D:5:      layout_basic, marbit_many_paths, portal_sewer_entry_e,
          bh_walls_and_bars, uniq_edmund
D:6:      layout_cave_pods, serial_glass, glass_columns_a, glass_columns_a,
          due_unseen_surprise, minmay_strange_pillars, minmay_strange_pillars,
          feat_on_display, nicolae_ossuary_entry_monument
D:7:      layout_cave_pools, kennysheep_mini_moat,
          minmay_temple_entry_statues_pillars, gammafunk_ghost_abyssal_escape,
          uniq_joseph
D:8:      layout_basic, nicolae_vehumet_altar_sigil, overflow_temple_1_default,
          chequers_temple_overflow_statue_of_worship,
          grunt_temple_overflow_open, hangedman_decor_slide_cut,
          nicolae_transmutations_shop
D:9:      kennysheep_steamy, layout_long_grid, nicolae_gozag_zags_fifth_avenue,
          erik_lair_island, kennysheep_orc_monster_closet_entryway
D:10:     layout_irregular_city, mainiacjoe_overflow_boulevard,
          gammafunk_ghost_arena

Skill      XL: |  1  2  3  4  5  6  7  8  9 10 |
---------------+-------------------------------+-----
Axes           | 4 5 6 7 10 11 14 17 19 | 19.6
Fighting       | |  3.6
Armour         | |  2.4
Dodging        | |  2.1

Action                     |  1- 3 |  4- 6 |  7- 9 | 10-12 || total
---------------------------+-------+-------+-------+-------++-------
  Melee: Hand axe          |    60 |    71 |   166 |       ||   297
         Headbutt          |     8 |    15 |    34 |    20 ||    77
         Unarmed           |       |       |    19 |       ||    19
         Spear             |       |       |    81 |    12 ||    93
         War axe           |       |       |       |   168 ||   168
  Throw: Dart              |       |       |       |    16 ||    16
 Invoke: Trog's Hand       |       |     1 |     1 |     2 ||     4
         Berserk           |       |     1 |     1 |       ||     2
  Evoke: Wand              |       |       |       |     8 ||     8
    Use: Scroll            |     3 |     4 |    13 |     2 ||    22
         Potion            |       |       |     2 |     1 ||     3
 Armour: Animal skin       |    12 |       |       |       ||    12
         Plate armour      |    41 |    61 |   146 |   147 ||   395
         Skin              |       |       |    11 |       ||    11
  Dodge: Dodged            |    33 |    18 |    84 |    60 ||   195
  Block: Buckler           |       |     8 |    83 |    99 ||   190
         Other             |       |       |     5 |       ||     5
         Reflection        |       |       |     1 |     8 ||     9

Table legend: (Time is in decaauts)
 A = Elapsed time spent in this place.
 B = Non-inter-level travel time spent in this place.
 C = Inter-level travel time spent in this place.
 D = Time resting spent in this place.
 E = Time spent auto-exploring this place.
 F = Levels seen in this place.
 G = Mean time per level.
                   A        B        C        D        E       F      G
               +--------+--------+--------+--------+--------+-----+--------+
         Total |   9235 |   9235 |      0 |   1142 |   5729 |  11 |  839.5 |
       Dungeon |   8903 |   8903 |      0 |   1142 |   5596 |  10 |  890.3 |
       Ossuary |    331 |    331 |      0 |      0 |    133 |   1 |  331.0 |
               +--------+--------+--------+--------+--------+-----+--------+

Top non-repeatable levels by time:
     D:8: 1893 daAuts
     D:9: 1330 daAuts
     D:4: 1022 daAuts
     D:3: 986 daAuts
     D:5: 929 daAuts
     D:6: 790 daAuts
     D:1: 726 daAuts
     D:2: 604 daAuts
     D:7: 588 daAuts
 Ossuary: 331 daAuts
    D:10: 32 daAuts
